 Dungeon Crawl Stone Soup version 0.23-a0-489-g205b0b61ae (console) character file.

67 Marbler the Chopper (level 4, -4/37 HPs)
             Began as a Hill Orc Gladiator on Dec 2, 2018.
             Slain by a gnoll
             ... wielding a +0 spear
              (6 damage)
             ... on level 2 of the Dungeon.
             The game lasted 00:32:45 (2022 turns).

Marbler the Chopper (Hill Orc Gladiator)            Turns: 2022, Time: 00:32:45

Health: -4/37      AC:  4    Str: 17    XL:     4   Next: 16%
Magic:  13/13      EV: 12    Int:  8    God:
Gold:   78         SH:  0    Dex: 12    Spells: 3/3 levels left

rFire    . . .     SeeInvis .   a - +0 war axe
rCold    . . .     Gourm    .   (no shield)
rNeg     . . .     Faith    .   b - +0 leather armour
rPois    .         Spirit   .   c - +0 helmet
rElec    .         Reflect  .   (no cloak)
rCorr    .         Harm     .   (no gloves)
MR       .....                  (no boots)
Stlth    ++........             (no amulet)
HPRegen  0.12/turn              x - ring of magical power
MPRegen  0.13/turn              z - ring of stealth

@: no status effects
A: no striking features
a: no special abilities


You were on level 2 of the Dungeon.
You were not hungry.

You visited 1 branch of the dungeon, and saw 2 of its levels.

You collected 78 gold pieces.

Inventory:

Hand Weapons
 a - a +0 war axe (weapon)
 e - a +0 club
 f - a +0 club
 g - a +0 club
 h - a +0 club
 i - a cursed +0 club
 j - a +0 club
 o - a +0 short sword
 t - a +0 dagger
 v - a +0 club
 w - a +0 short sword
 y - a +0 club
Missiles
 d - 2 throwing nets (quivered)
Armour
 b - a +0 leather armour (worn)
 c - a +0 helmet (worn)
Jewellery
 x - a ring of magical power (left hand)
 z - a ring of stealth (right hand)
Scrolls
 k - a scroll of magic mapping {unknown}
 m - a scroll of random uselessness {unknown}
 n - 3 scrolls of teleportation {unknown}
 r - a scroll of enchant armour {unknown}
 u - 3 scrolls of immolation {unknown}
Potions
 l - a potion of curing {unknown}
 p - a potion of lignification {unknown}
 s - a potion of mutation {unknown}
Comestibles
 q - 3 rations


   Skills:
 + Level 2.7 Fighting
 + Level 5.5 Axes
 + Level 1.8 Throwing
 + Level 1.0 Armour
 + Level 2.8 Dodging


You had 3 spell levels left.
You didn't know any spells.
Your spell library was empty.

Dungeon Overview and Level Annotations

Branches:
Dungeon (2/15)

Altars:


Message History

The gnoll struggles against the net.
A gnoll comes into view. It is wielding a +0 spear.
A gnoll is nearby!
A gnoll is nearby!
The gnoll closely misses you. The gnoll completely misses you.
You hit the gnoll.
The gnoll is lightly wounded.
The gnoll hits you with a +0 spear.
You barely miss the gnoll.
The gnoll is lightly wounded.
The gnoll hits you with a +0 spear.
* * * LOW HITPOINT WARNING * * *
The gnoll hits you but does no damage.
You slash the gnoll!
The gnoll is severely wounded.
The gnoll hits you with a +0 spear!
* * * LOW HITPOINT WARNING * * *
The gnoll hits you but does no damage. The gnoll hits you with a +0 spear.
You die...

##.##.###....#..##....###
##.##...>....+......###
#...####.....#####..#
<...####.......# #..#
...............###..#
##..#.#####.#...##..###
....#.#####.....##....#####..
##..#.†.......#......†..)...⌠
.<....#########.@##.#.#####..
#...#.# ##g##.### ..###.#
#g.#.## #.....# ##.#..#
####### #....# #....##
#.....#### #........##
##########..†.......


You could see 2 gnolls.

Vanquished Creatures
  An ooze (D:2)
  3 dart slugs
  A ball python (D:1)
  A giant cockroach (D:2)
  9 goblins
  8 hobgoblins (D:1)
  8 jackals (D:1)
  5 kobolds
  A quokka (D:2)
  5 bats
  2 frilled lizards (D:1)
  8 rats
52 creatures vanquished.

Notes
Turn   | Place    | Note
-------+----------+-------------------------------------------
     0 | D:1      | Marbler the Hill Orc Gladiator began the quest for the Orb.
     0 | D:1      | Reached XP level 1. HP: 18/18 MP: 1/1
   155 | D:1      | Reached XP level 2. HP: 14/25 MP: 2/2
   320 | D:1      | Reached XP level 3. HP: 12/30 MP: 3/3
   332 | D:1      | Reached skill level 5 in Axes
  1734 | D:2      | Reached skill level 1 in Armour
  1841 | D:2      | Reached XP level 4. HP: 30/37 MP: 4/4
  2022 | D:2      | Slain by a gnoll

Vault maps used:
D:1:      nicolae_arrival_somewhat_less_tricky_arrival, minmay_small_reverse_x
D:2:      grunt_temple_overflow_cloverleaf, chequers_serial_rivers_room_b

Skill      XL: |  1  2  3 |
---------------+----------+-----
Axes           | 5 |  5.5
Armour         | 1 |  1.0
Fighting       | |  2.7
Throwing       | |  1.8
Dodging        | |  2.8

Action                   |  1- 3 |  4- 6 || total
-------------------------+-------+-------++-------
Melee: War axe           |   127 |    23 ||   150
Throw: Throwing net      |     1 |     1 ||     2
  Use: Scroll            |     1 |     1 ||     2
       Potion            |     1 |       ||     1
 Stab: Sleeping          |     1 |     1 ||     2
  Eat: Ration            |     1 |       ||     1
Armor: Leather armour    |    31 |    16 ||    47
Dodge: Dodged            |    99 |    24 ||   123

Table legend:
 A = Non-vault XP
 B = Vault XP
 C = Vault XP percentage of total XP
 D = Non-vault monster count
 E = Vault monster count
 F = Vault count percentage of total count
                 A         B        C        D         E       F
            +---------+---------+-------+---------+---------+-------
      Total |      91 |       5 |   5.2 |      48 |       4 |   7.7
            +---------+---------+-------+---------+---------+-------
        D:1 |      66 |       5 |   7.0 |      37 |       4 |   9.8
        D:2 |      25 |       0 |   0.0 |      11 |       0 |   0.0
            +---------+---------+-------+---------+---------+-------
